 Dungeon Crawl Stone Soup version 0.28.0-45-g0d030f2227 (webtiles) character file.

Game seed: 16252260316261953134

278 Ablot the Cutter (level 6, -1/53 HPs)
             Began as a Gnoll Chaos Knight on Apr 10, 2022.
             Was a Plaything of Xom.
             Slain by an orc warrior
             ... wielding a +0 scimitar
              (14 damage)
             ... on level 5 of the Dungeon.
             The game lasted 00:05:32 (3272 turns).

Ablot the Cutter (Gnoll Chaos Knight)               Turns: 3272, Time: 00:05:32

Health: -1/53      AC:  6    Str: 13    XL:     6   Next: 26%
Magic:  8/8        EV: 12    Int: 12    God:    Xom [......]
Gold:   147        SH:  0    Dex: 11    Spells: 8/8 levels left

rFire   . . .      SeeInvis .   a - +0 short sword (chaos)
rCold   . . .      Faith    .   (no shield)
rNeg    . . .      Spirit   .   b - +2 leather armour
rPois   +          Reflect  .   q - +0 helmet
rElec   .          Harm     .   (no cloak)
rCorr   .          Rampage  .   (no gloves)
Will    .....                   (no boots)
Stlth   ++........              (no amulet)
HPRegen 0.17/turn               d - ring of poison resistance
MPRegen 0.11/turn               (no ring)

@: no status effects
A: fangs 1, strong nose, distributed training
a: Renounce Religion


You were on level 5 of the Dungeon.
You worshipped Xom.
You were a very special plaything of Xom.
You visited 1 branch of the dungeon, and saw 5 of its levels.

You collected 147 gold pieces.

Inventory:

Hand Weapons
 a - a +0 short sword of chaos (weapon)
Missiles
 c - 77 arrows
 m - 75 stones (quivered)
 v - 31 bolts
Armour
 b - a +2 leather armour (worn)
 q - a +0 helmet (worn)
Magical Staves
 j - a staff of conjuration
Jewellery
 d - a ring of poison resistance (left hand)
Wands
 s - a wand of charming (12)
Scrolls
 f - a scroll of blinking {unknown}
 n - 2 scrolls of teleportation {unknown}
 o - a scroll of silence {unknown}
 p - 2 scrolls of brand weapon {unknown}
 t - 2 scrolls of identify {unknown}
 w - a scroll of vulnerability {unknown}
 y - a scroll of magic mapping {unknown}
Potions
 g - a potion of degeneration {unknown}
 h - a potion of lignification {unknown}
 i - a potion of resistance {unknown}
 k - a potion of haste {unknown}
 l - a potion of flight {unknown}
 r - a potion of brilliance {unknown}
 u - a potion of magic {unknown}
 x - a potion of invisibility {unknown}


   Skills:
 + Level 6.8 Fighting
 + Level 6.8 Short Blades
 + Level 1.9 Long Blades
 + Level 1.9 Axes
 + Level 1.9 Maces & Flails
 + Level 1.9 Polearms
 + Level 1.9 Staves
 + Level 1.9 Slings
 + Level 1.9 Bows
 + Level 1.9 Crossbows
 + Level 1.9 Throwing
 + Level 4.9 Armour
 + Level 3.2 Dodging
 + Level 1.9 Stealth
 + Level 1.9 Shields
 + Level 1.9 Unarmed Combat
 + Level 1.9 Spellcasting
 + Level 1.5 Conjurations
 + Level 1.5 Hexes
 + Level 1.5 Summonings
 + Level 1.5 Necromancy
 + Level 1.5 Translocations
 + Level 1.5 Transmutations
 + Level 1.5 Fire Magic
 + Level 1.5 Ice Magic
 + Level 1.5 Air Magic
 + Level 1.5 Earth Magic
 + Level 1.5 Poison Magic
 + Level 2.1 Invocations
 + Level 1.9 Evocations


You had 8 spell levels left.
You didn't know any spells.
Your spell library contained the following spells:

 Spells                   Type           Power      Damage    Failure   Level
 Freeze                   Ice            16%        1d4       19%         1
 Frozen Ramparts          Ice            8%         1d2       50%         3
 Hailstorm                Conj/Ice       4%         3d4       88%         4


Dungeon Overview and Level Annotations

Branches:
Dungeon (5/15)
 Temple: D:4-7

Altars:
Ashenzari

Shops:
D:1 :

Annotations:
D:4 2 transporters, Zeus21348's ghost, novice DsCj


Innate Abilities, Weirdness & Mutations

You have very sharp teeth.
Your uncanny sense of smell can sniff out nearby items.
Your experience applies equally to all skills.


Message History

The orc warrior is moderately wounded.
The orc warrior barely misses you.
The orc hits your ice beast with a +0 hand axe.
Unknown command.
You hit the orc warrior but do no damage.
Your bite misses the orc warrior.
The orc warrior is moderately wounded.
Your ice beast barely misses the orc warrior.
The orc warrior barely misses you. The orc barely misses your ice beast.
You hit the orc warrior but do no damage.
The orc warrior is moderately wounded.
Your ice beast barely misses the orc warrior.
You hit the orc warrior but do no damage.
The orc warrior easily resists.
The orc warrior is moderately wounded.
The orc warrior closely misses you. The orc barely misses your ice beast.
Your ice beast barely misses the orc warrior.
You hit the orc warrior but do no damage.
The orc warrior is moderately wounded.
The orc warrior hits you with a +0 scimitar!
The orc hits your ice beast but does no damage.
You hit the orc warrior but do no damage.
The orc warrior easily resists.
The orc warrior is moderately wounded.
Your ice beast closely misses the orc warrior.
The orc warrior misses you.
The orc hits your ice beast with a +0 hand axe.
You closely miss the orc warrior.
The orc warrior is moderately wounded.
Your ice beast hits the orc.
Your ice beast freezes the orc!
The orc dies!
You barely miss the orc warrior.
The orc warrior is moderately wounded.
The orc warrior hits you with a +0 scimitar!
* * * LOW HITPOINT WARNING * * *
Your ice beast closely misses the orc warrior.
You hit the orc warrior but do no damage.
The orc warrior is moderately wounded.
The orc warrior hits you with a +0 scimitar!
You die...

## #⌠.##'##.⌠#..##
#########..
#.........#....
#...<..##.##
#.......#####. #.#..#.##..
#.......#...#. #..#.##.#
+..._...+...+. #..#.##.#
#.......#.....
#.##.#..#####.......#####.
#..........#....(.oo(.....
#.####...@o#⌠(#.'##.⌠#...#
#.# ###...Y)##. #.##.###
### ##.....#. #.......
#(....#. ∆#.....##
###...## #.##### ###...
...# ########


You could see an orc warrior (ally target) and a friendly ice beast (summoned).

Vanquished Creatures
  4 hounds
  2 orc priests (D:5)
  2 adders
  2 worms
  5 dart slugs
  2 orcs
  3 ball pythons
  4 endoplasms
  A giant cockroach (D:1)
  8 goblins
  5 hobgoblins
  8 jackals
  8 kobolds
  3 quokkas
  2 bats
  A frilled lizard (D:2)
  3 rats
63 creatures vanquished.

Vanquished Creatures (collateral kills)
  An orc (D:5)
1 creature vanquished.

Grand Total: 64 creatures vanquished

Notes
Turn   | Place    | Note
-------+----------+-------------------------------------------
     0 | D:1      | Ablot the Gnoll Chaos Knight began the quest for the Orb.
     0 | D:1      | Reached XP level 1. HP: 23/23 MP: 1/1
    29 | D:1      | XOM: silly message
    96 | D:1      | Reached XP level 2. HP: 29/29 MP: 2/2
   189 | D:1      | Found Beuqev's Book Shoppe.
   191 | D:1      | XOM: divination: detect items
   489 | D:1      | Found a faded altar of an unknown god.
   645 | D:1      | Reached XP level 3. HP: 35/35 MP: 3/3
   731 | D:1      | XOM: scenery: 1 doors close
   947 | D:2      | XOM: divination: magic mapping
  1090 | D:2      | Reached skill level 1 in Invocations
  1120 | D:2      | XOM: noise
  1147 | D:2      | XOM: god gift: scroll labelled HYBOTU KA LEO {god gift}
  1403 | D:2      | Reached skill level 1 in Long Blades
  1403 | D:2      | Reached skill level 1 in Axes
  1403 | D:2      | Reached skill level 1 in Maces & Flails
  1403 | D:2      | Reached skill level 1 in Polearms
  1403 | D:2      | Reached skill level 1 in Staves
  1403 | D:2      | Reached skill level 1 in Slings
  1403 | D:2      | Reached skill level 1 in Bows
  1403 | D:2      | Reached skill level 1 in Crossbows
  1403 | D:2      | Reached skill level 1 in Throwing
  1403 | D:2      | Reached skill level 1 in Stealth
  1403 | D:2      | Reached skill level 1 in Shields
  1403 | D:2      | Reached skill level 1 in Unarmed Combat
  1403 | D:2      | Reached skill level 1 in Spellcasting
  1403 | D:2      | Reached skill level 1 in Evocations
  1608 | D:3      | Reached XP level 4. HP: 36/41 MP: 5/5
  1610 | D:3      | Reached skill level 1 in Conjurations
  1610 | D:3      | Reached skill level 1 in Hexes
  1610 | D:3      | Reached skill level 1 in Summonings
  1610 | D:3      | Reached skill level 1 in Necromancy
  1610 | D:3      | Reached skill level 1 in Translocations
  1610 | D:3      | Reached skill level 1 in Transmutations
  1610 | D:3      | Reached skill level 1 in Fire Magic
  1610 | D:3      | Reached skill level 1 in Ice Magic
  1610 | D:3      | Reached skill level 1 in Air Magic
  1610 | D:3      | Reached skill level 1 in Earth Magic
  1610 | D:3      | Reached skill level 1 in Poison Magic
  1981 | D:3      | XOM: noise
  2081 | D:3      | XOM: scenery: summon butterflies
  2082 | D:3      | XOM: god gift: chain mail {god gift}
  2306 | D:4      | Found a transporter.
  2319 | D:4      | Found a transporter.
  2323 | D:4      | Noticed Zeus21348's ghost (novice DsCj)
  2409 | D:4      | Reached XP level 5. HP: 27/47 MP: 5/7
  2410 | D:4      | XOM: 1-stop teleportation journey
  2851 | D:5      | Entered Level 5 of the Dungeon
  2869 | D:5      | XOM: confuse monster(s)
  2948 | D:5      | XOM: god gift: scroll labelled QUEM QORIOVULU {god gift}
  2988 | D:5      | Found a broken altar of Ashenzari.
  3003 | D:5      | Noticed an orc warrior
  3009 | D:5      | XOM: scenery: 1 fountains blood, 2 doors open
  3027 | D:5      | Reached XP level 6. HP: 18/53 MP: 8/8
  3033 | D:5      | XOM: enchant monster (good)
  3243 | D:5      | XOM: divination: detect items
  3247 | D:5      | HP: 2/53 [orc priest/divine providence (14)]
  3251 | D:5      | XOM: cast spell 'Summon Ice Beast'
  3272 | D:5      | Slain by an orc warrior

Illustrated notes

Levels and vault maps discovered:
D:1:      erik_arrival_blinker_ship, layout_basic,
          shapermc_ecumenical_altar_pompeii, serial_shops, shop
D:2:      layout_rooms
D:3:      layout_loops_cross, kennysheep_cross_bottleneck, minmay_liquid_box,
          hex_tiny, grunt_ministairs_1, guppyfry_early_lair_pool
D:4:      layout_gridville, gammafunk_ghost_stat_death
D:5:      layout_basic, evilmike_ruin_ashenzari, minmay_temple_entry_statues,
          gammafunk_ghost_hive, uniq_pikel

Skill      XL: |  1  2  3  4  5 |
---------------+----------------+-----
Invocations    | 1 2 |  2.1
Long Blades    | 1 |  1.9
Axes           | 1 |  1.9
Maces & Flails | 1 |  1.9
Polearms       | 1 |  1.9
Staves         | 1 |  1.9
Slings         | 1 |  1.9
Bows           | 1 |  1.9
Crossbows      | 1 |  1.9
Throwing       | 1 |  1.9
Stealth        | 1 |  1.9
Shields        | 1 |  1.9
Unarmed Combat | 1 |  1.9
Spellcasting   | 1 |  1.9
Evocations     | 1 |  1.9
Conjurations   | 1 |  1.5
Hexes          | 1 |  1.5
Summonings     | 1 |  1.5
Necromancy     | 1 |  1.5
Translocations | 1 |  1.5
Transmutations | 1 |  1.5
Fire Magic     | 1 |  1.5
Ice Magic      | 1 |  1.5
Air Magic      | 1 |  1.5
Earth Magic    | 1 |  1.5
Poison Magic   | 1 |  1.5
Dodging        | 3 |  3.2
Fighting       | |  6.8
Short Blades   | |  6.8
Armour         | |  4.9

Action                   |  1- 3 |  4- 6 || total
-------------------------+-------+-------++-------
Melee: Short sword       |   109 |   124 ||   233
       Bite              |     7 |    15 ||    22
       Punch             |     2 |     3 ||     5
Throw: Dart              |       |     6 ||     6
       Stone             |       |     1 ||     1
  Use: Potion            |       |     2 ||     2
 Stab: Sleeping          |     1 |     1 ||     2
       Petrified         |       |     2 ||     2
Armor: Leather armour    |    24 |    43 ||    67
Dodge: Dodged            |    52 |    84 ||   136
